 Dungeon Crawl Stone Soup version 0.17-a0-1528-gfee3901 (webtiles) character file.

9329 Leibowitz the Spear-Bearer (level 11, -3/87 HPs)
             Began as a Merfolk Gladiator on July 15, 2015.
             Was a High Priest of Okawaru.
             Slain by Grum
             ... wielding a +1 spear
              (7 damage)
             ... on level 9 of the Dungeon.
             The game lasted 01:01:45 (15637 turns).

Leibowitz the Spear-Bearer (Merfolk Gladiator)     Turns: 15637, Time: 01:01:46

Health: -3/87      AC: 11    Str: 17    XL:     11   Next: 44%
Magic:  11/11      EV: 30    Int:  8    God:    Okawaru [*****.]
Gold:   536        SH:  0    Dex: 23    Spells: 0 memorised, 10 levels left

rFire  + . .     SeeInvis .     a - +1 trident
rCold  . . .     Clarity  .     G - +3 leather armour
rNeg   . . .     SustAt   .     (no shield)
rPois  .         Gourm    .     c - +1 helmet
rElec  .         Spirit   .     (no cloak)
rCorr  .         Warding  .     (no gloves)
rMut   .         Stasis   .     I - +2 pair of boots
MR     .....                    (no amulet)
Stlth  ++++......               l - +2 ring of strength
                                C - ring of protection from fire

@: agile, not resistant to hostile enchantments, stealthy
A: change form in water, swift swim
a: Heroism, Finesse, Renounce Religion


You were on level 9 of the Dungeon.
You worshipped Okawaru.
Okawaru was extremely pleased with you.
You were not hungry.

You visited 3 branches of the dungeon, and saw 12 of its levels.
You also visited: Labyrinth and Ossuary.

You collected 536 gold pieces.

Inventory:

Hand weapons
 a - a +1 trident (weapon)
 b - a +0 blowgun
 w - a +0 dagger of holy wrath
 A - a +0 dagger of venom
Missiles
 o - 19 poisoned needles
 F - 6 javelins (quivered)
Armour
 c - a +1 helmet (worn)
 u - the +0 leather armour of the Camelopard {rElec rF- Str+2}
   (You found it on level 6 of the Dungeon)

   It affects your strength (+2).
   It makes you vulnerable to fire.
   It insulates you from electricity.
 z - a +2 leather armour of cold resistance
 E - a +0 robe of positive energy
 G - a +3 leather armour (worn)
 I - a +2 pair of boots (worn)
Magical staves
 L - a cursed staff of wizardry {unknown}
Jewellery
 l - a +2 ring of strength (right hand)
 C - a ring of protection from fire (left hand)
Magical devices
 k - a wand of disintegration (8)
 m - a wand of hasting (0)
 p - a wand of frost (15)
 K - a wand of flame (22)
Scrolls
 d - a scroll of enchant armour
 e - 2 scrolls of fog
 h - 4 scrolls of remove curse
 n - 8 scrolls of identify
 q - a scroll of magic mapping
 D - a scroll of enchant weapon
Potions
 r - 3 potions of brilliance
 s - 2 potions of flight
 v - a potion of might
 x - a potion of agility
Comestibles
 f - 4 bread rations
 g - 7 meat rations
 i - 12 fruits
 j - 2 chunks of flesh
 B - 2 beef jerkies


   Skills:
 * Level 8.8 Fighting
 * Level 13.4 Polearms
 + Level 5.1 Throwing
 + Level 2.9 Armour
 * Level 13.2 Dodging
 + Level 5.1 Stealth
 + Level 0.4 Evocations


You had 10 spell levels left.
You didn't know any spells.

Dungeon Overview and Level Annotations

Branches:
Dungeon (9/15)             Temple (1/1) D:5            Lair (2/8) D:8
    Orc: D:9-12

Altars:
Ashenzari
Cheibriados
Makhleb
Nemelex Xobeh
Okawaru
Trog
Vehumet
Yredelemnul

Annotations:
D:6 1 runed door
D:9 Grum
Lair:2 Kisielow's ghost, powerful HOFi


Message History

The wolf is heavily wounded.
The wolf completely misses you. Grum barely misses you.
You closely miss the wolf.
The wolf is heavily wounded.
The wolf bites you.
* * * LOW HITPOINT WARNING * * *
You closely miss the wolf.
The wolf is heavily wounded.
The wolf completely misses you. Grum misses you.
You hit the wolf but do no damage.
The wolf is heavily wounded.
The wolf misses you.
You barely miss the wolf.
The wolf is heavily wounded.
Grum completely misses you. The wolf misses you.
You hit the wolf but do no damage.
The wolf is heavily wounded.
The wolf misses you.
Grum hits you from afar with an enchanted spear!
You die...

.#
#..........##.......###
...#........####.......#
#..........# #.......#
#........# #...[...#
#........# #########
#........# #######.##
#..# #@## #h# .g. .(...
..(...# #......#
#......# #......+


You could see Grum and a wolf.

Vanquished Creatures
  A minotaur (Lab)
  A hydra (Lair:2)
  A black mamba (Lair:1)
  2 spiny frogs (Lair:1)
  Joseph (Lair:1)
  A komodo dragon (Lair:1)
  3 wargs
  A hippogriff (Lair:1)
  2 wolves
  A steam dragon (D:7)
  3 water moccasins (Lair:1)
  A soldier ant (D:6)
  2 ice beasts
  Duvessa (D:7)
  2 phantoms
  2 sky beasts (D:7)
  3 orc warriors
  4 centaurs
  3 crocodiles
  An eye of draining (D:7)
  2 ogres
  An elf zombie (Ossuary)
  8 giant frogs
  Dowan (D:7)
  4 scorpions
  10 killer bees
  3 crimson imps
  5 centaur zombies
  9 orc priests
  3 hounds
  A human zombie (Ossuary)
  Ijyb (D:2)
  16 orc wizards
  2 iguanas (D:5)
  Natasha (thrice) (D:4)
  11 worker ants
  7 sheep (Lair:1)
  2 big kobold zombies (Ossuary)
  A hound skeleton (D:7)
  2 hound zombies
  2 mummies (Ossuary)
  10 adders
  A shadow imp (D:6)
  An ooze (D:1)
  5 worms
  9 giant geckos
  35 orcs
  2 ball pythons
  17 bats
  A bat skeleton (D:5)
  13 goblins
  8 hobgoblins
  12 jackals
  3 quokkas
  10 giant cockroaches
  A giant cockroach zombie (D:5)
  8 giant newts
  A goblin zombie (Ossuary)
  9 hobgoblin zombies (Ossuary)
  A jackal skeleton (D:4)
  2 jackal zombies
  16 kobolds
  13 kobold zombies (Ossuary)
  5 orc zombies (Ossuary)
  A quokka skeleton (D:4)
  12 rats
  A rat zombie (Ossuary)
  A butterfly (D:6)
  A fungus (Lair:1)
329 creatures vanquished.

Notes
Turn   | Place    | Note
--------------------------------------------------------------
     0 | D:1      | Leibowitz the Merfolk Gladiator began the quest for the Orb.
     0 | D:1      | Reached XP level 1. HP: 16/16 MP: 1/1
   159 | D:1      | Reached XP level 2. HP: 13/23 MP: 2/2
   188 | D:1      | HP: 1/23 [something (2)]
   638 | D:1      | Reached XP level 3. HP: 28/28 MP: 3/3
   862 | D:1      | Reached skill level 5 in Polearms
  1117 | D:2      | Reached skill level 5 in Dodging
  1287 | D:2      | Reached XP level 4. HP: 34/34 MP: 4/4
  1292 | D:2      | Noticed Ijyb
  1323 | D:2      | Killed Ijyb
  2079 | D:3      | Reached skill level 1 in Armour
  2079 | D:3      | Reached skill level 1 in Stealth
  2079 | D:3      | Reached XP level 5. HP: 23/40 MP: 5/5
  2426 | D:3      | Found a bloodstained altar of Trog.
  2811 | D:3      | Reached skill level 6 in Dodging
  2988 | D:3      | Reached XP level 6. HP: 47/47 MP: 6/6
  3183 | D:4      | Found a shattered altar of Ashenzari.
  3387 | D:4      | Found a sand-covered staircase.
  3391 | Ossuary  | Entered an ossuary
  3634 | Ossuary  | Reached XP level 7. HP: 43/53 MP: 7/7
  3652 | Ossuary  | Reached skill level 7 in Polearms
  4282 | D:4      | Reached skill level 8 in Polearms
  4547 | D:4      | Reached XP level 8. HP: 56/61 MP: 8/8
  4572 | D:4      | Noticed Natasha
  4594 | D:4      | Killed Natasha
  4943 | D:4      | Noticed Natasha
  4951 | D:4      | Killed Natasha
  5097 | D:4      | Noticed Natasha
  5101 | D:4      | Killed Natasha
  5142 | D:4      | Found a burning altar of Makhleb.
  5143 | D:4      | Found a radiant altar of Vehumet.
  5490 | D:5      | Entered Level 5 of the Dungeon
  5506 | D:5      | Reached skill level 5 in Fighting
  5762 | D:5      | Reached skill level 9 in Polearms
  6151 | D:5      | Found a staircase to the Ecumenical Temple.
  6164 | Temple   | Entered the Ecumenical Temple
  6187 | Temple   | Became a worshipper of Warmaster Okawaru
  6841 | D:6      | Got a scorched leather armour
  6852 | D:6      | Identified the +0 leather armour of the Camelopard {rElec rF- Str+2} (You found it on level 6 of the Dungeon)
  6998 | D:6      | Found a runed door.
  7772 | D:6      | Reached XP level 9. HP: 69/69 MP: 9/9
  7797 | D:6      | Reached skill level 10 in Polearms
  7936 | D:6      | Acquired Okawaru's first power
  8060 | D:6      | Found a runed door.
  9326 | D:7      | Reached skill level 10 in Dodging
  9485 | D:7      | Reached skill level 11 in Polearms
  9984 | D:7      | Found a sparkling altar of Nemelex Xobeh.
 10026 | D:7      | Noticed Dowan
 10044 | D:7      | Killed Dowan
 10048 | D:7      | Noticed Duvessa
 10065 | D:7      | Killed Duvessa
 10158 | D:7      | Reached XP level 10. HP: 65/77 MP: 10/10
 11192 | D:8      | Found a staircase to the Lair.
 11871 | D:8      | Found a snail-covered altar of Cheibriados.
 11871 | D:8      | Found a shattered altar of Ashenzari.
 12723 | Lair:1   | Entered Level 1 of the Lair of Beasts
 12757 | Lair:1   | Noticed a black mamba
 12773 | Lair:1   | Killed a black mamba
 12773 | Lair:1   | Reached skill level 12 in Polearms
 12865 | Lair:1   | Found a labyrinth entrance.
 12874 | Lab      | Entered a labyrinth
 12989 | Lab      | Noticed a minotaur
 13011 | Lab      | Killed a minotaur
 13011 | Lab      | Reached skill level 5 in Stealth
 13248 | Lab      | Identified the Catalogue of Transformation
 13758 | Lair:1   | Reached XP level 11. HP: 86/86 MP: 11/11
 13801 | Lair:1   | Acquired Okawaru's second power
 13801 | Lair:1   | Reached skill level 5 in Throwing
 14168 | Lair:1   | Reached skill level 13 in Polearms
 14474 | Lair:1   | Noticed Joseph
 14642 | Lair:1   | Killed Joseph
 15016 | Lair:2   | Noticed a four-headed hydra
 15046 | Lair:2   | Killed a four-headed hydra
 15313 | Lair:2   | Noticed Kisielow's ghost (powerful HOFi)
 15378 | D:9      | Found a bloodstained altar of Trog.
 15598 | D:9      | Noticed Grum
 15633 | D:9      | HP: 3/87 [wolf[Grum] (3)]
 15637 | D:9      | Slain by Grum

Vault maps used:
D:1:      elethiomel_arrival_shortcut, serial_park_tiny_pond
D:2:      first_bread, uniq_iyjb
D:3:      nicolae_overflow_hidden_temple, overflow_temple_1_default
D:4:      grunt_temple_overflow_lords_of_destruction, enter_ossuary_5,
          minmay_misc_feat_alley, evilmike_ruin_ashenzari, uniq_natasha
D:5:      minmay_temple_entry_hall
D:6:      lemuel_insect_pit
D:7:      kennysheep_mini_moat, uniq_duvessa
D:8:      gammafunk_temple_overflow_wave, erik_lair_orcish_takeover
D:9:      basic_altar, uniq_grum
Temple:   chambers_temple_12
Lair:1:   lab_entry_generic, beast_lair_carwin_5, grunt_megastairs_2,
          uniq_joseph
Lab:      labyrinth_watery
Ossuary:  ossuary_tomb_1

Action                   |  1- 3 |  4- 6 |  7- 9 | 10-12 || total
-------------------------+-------+-------+-------+-------++-------
Melee: Trident           |   104 |   332 |   529 |   537 ||  1502
       Dagger            |       |     4 |       |       ||     4
 Fire: Blowgun           |       |     3 |   104 |    43 ||   150
Throw: Throwing net      |     3 |     3 |       |     3 ||     9
       Javelin           |       |       |       |    23 ||    23
Evoke: Wand              |       |       |       |     2 ||     2
  Use: Potion            |       |     3 |     7 |     8 ||    18
       Scroll            |       |       |    13 |     1 ||    14
 Stab: Held in net/web   |       |     4 |       |     3 ||     7
       Sleeping          |       |     3 |    17 |     6 ||    26
       Distracted        |       |       |     3 |     2 ||     5
  Eat: Chunk             |     1 |     8 |    15 |    18 ||    42
       Pizza             |       |       |     1 |     1 ||     2
       Fruit             |       |       |     1 |       ||     1
       Bread ration      |       |       |     1 |       ||     1
